[ PARTIDA AOE2 · #485398528 ]
UnrankedKitán vs Incas
Equipo del jugador · VICT
Equipo rival · DERR
[ ANÁLISIS DE REPETICIÓN · EXTRAÍDO DE LA PARTIDA GRABADA ]
Feudal
10:40
Castillos
24:26
Imperial
—
| APM promedio | 41.9 |
| APM pico | 110 |
| eAPM promedio | 14.8 |
| Aldeanos / militares | 99 / 51 |
Foco
⚔️ 25.2% · 🌾 74.8%
Cavalry Archer ×18 · Scout Cavalry ×15 · Steppe Lancer ×10 · Monk ×4 · Archer ×2 · Militia ×2
Feudal
12:01
Castillos
25:08
Imperial
—
| APM promedio | 36.5 |
| APM pico | 76 |
| eAPM promedio | 15.4 |
| Aldeanos / militares | 71 / 71 |
Foco
⚔️ 31.6% · 🌾 68.4%
Skirmisher ×25 · Unknown (2550) ×18 · Scorpion ×17 · Spearman ×14 · Kamayuk ×12 · Archer ×3
Mapa de la partida
Recursos iniciales + cada clic de construcción. Líneas = muros · curvas = relieve. ◆ oro · ⬟ piedra · ● bayas · ✦ reliquia · ◌ hueco del cierre
Tu base· ✓ Cerrada en 24:26 · 0t muro · sin puerta
Base de ChoRi-Wolo.gg· Abierta — el rival se encerró
Terreno inicial suavizado · ◌ = hueco del cierre detectado · pasá el cursor para detalles
Inputs por minuto
— TheLoneShepherd - - ChoRi-Wolo.gg
Build order — TheLoneShepherd
Primeras 150 de 223 acciones detectadas
| 0:01 | Crear | Villager (Male) |
| 0:01 | Crear | Villager (Male) |
| 0:01 | Crear | Villager (Male) |
| 0:03 | Construir | House |
| 0:05 | Construir | House |
| 0:30 | Crear | Villager (Male) |
| 0:31 | Crear | Villager (Male) |
| 1:24 | Crear | Villager (Male) |
| 1:45 | Construir | Lumber Camp |
| 1:48 | Crear | Villager (Male) |
| 2:08 | Crear | Villager (Male) |
| 3:03 | Crear | Villager (Male) |
| 3:03 | Crear | Villager (Male) |
| 3:04 | Crear | Villager (Male) |
| 3:08 | Construir | House |
| 3:31 | Crear | Villager (Male) |
| 3:52 | Crear | Villager (Male) |
| 4:53 | Construir | Mill |
| 4:55 | Crear | Villager (Male) |
| 4:55 | Crear | Villager (Male) |
| 4:55 | Crear | Villager (Male) |
| 5:49 | Crear | Villager (Male) |
| 5:50 | Crear | Villager (Male) |
| 5:50 | Crear | Villager (Male) |
| 7:07 | Crear | Villager (Male) |
| 7:07 | Crear | Villager (Male) |
| 7:07 | Crear | Villager (Male) |
| 7:07 | Crear | Villager (Male) |
| 7:43 | Investigar | Loom |
| 8:30 | Investigar | Feudal Age |
| 8:30 | Crear | Villager (Male) |
| 8:31 | Crear | Villager (Male) |
| 8:56 | Construir | Mill |
| 9:30 | Construir | Barracks |
| 9:51 | Construir | Pasture |
| 9:56 | Construir | Pasture |
| 9:58 | Crear | Villager (Male) |
| 10:40 | Edad | Edad Feudal |
| 10:50 | Crear | Militia |
| 10:50 | Crear | Militia |
| 10:56 | Crear | Villager (Male) |
| 10:56 | Crear | Villager (Male) |
| 11:11 | Construir | House |
| 11:35 | Construir | Pasture |
| 11:43 | Construir | House |
| 11:57 | Crear | Villager (Male) |
| 12:15 | Construir | Stable |
| 12:25 | Crear | Villager (Male) |
| 12:25 | Crear | Villager (Male) |
| 13:38 | Crear | Villager (Male) |
| 13:38 | Crear | Villager (Male) |
| 13:45 | Construir | Blacksmith |
| 13:57 | Crear | Villager (Male) |
| 13:57 | Crear | Villager (Male) |
| 14:04 | Construir | Pasture |
| 14:18 | Crear | Scout Cavalry |
| 14:29 | Construir | Mining Camp |
| 14:52 | Crear | Scout Cavalry |
| 14:52 | Crear | Scout Cavalry |
| 15:07 | Construir | House |
| 15:10 | Construir | House |
| 15:11 | Construir | House |
| 15:13 | Construir | House |
| 15:27 | Crear | Scout Cavalry |
| 15:30 | Investigar | Forging |
| 15:52 | Crear | Villager (Male) |
| 15:52 | Crear | Villager (Male) |
| 16:08 | Construir | Pasture |
| 16:11 | Construir | Pasture |
| 16:19 | Crear | Scout Cavalry |
| 16:19 | Crear | Scout Cavalry |
| 16:22 | Investigar | Scale Barding Armor |
| 16:53 | Construir | Pasture |
| 17:15 | Crear | Scout Cavalry |
| 17:16 | Crear | Scout Cavalry |
| 17:17 | Crear | Villager (Male) |
| 17:17 | Crear | Villager (Male) |
| 17:30 | Construir | Lumber Camp |
| 18:29 | Crear | Villager (Male) |
| 18:29 | Crear | Villager (Male) |
| 18:29 | Crear | Villager (Male) |
| 19:20 | Investigar | Tech 1014 |
| 19:22 | Investigar | Double-Bit Axe |
| 19:27 | Crear | Scout Cavalry |
| 19:27 | Crear | Scout Cavalry |
| 19:52 | Crear | Villager (Male) |
| 19:52 | Crear | Villager (Male) |
| 20:00 | Construir | Pasture |
| 20:01 | Construir | Pasture |
| 20:01 | Construir | Pasture |
| 20:45 | Crear | Villager (Male) |
| 20:46 | Crear | Villager (Male) |
| 20:52 | Construir | Pasture |
| 21:21 | Construir | Pasture |
| 21:46 | Investigar | Castle Age |
| 21:46 | Investigar | Castle Age |
| 22:02 | Crear | Villager (Male) |
| 22:02 | Crear | Villager (Male) |
| 22:23 | Construir | Archery Range |
| 22:25 | Construir | Archery Range |
| 22:27 | Investigar | Fletching |
| 22:28 | Investigar | Padded Archer Armor |
| 22:35 | Crear | Villager (Male) |
| 22:48 | Construir | Pasture |
| 23:08 | Construir | House |
| 23:49 | Investigar | Gold Mining |
| 23:56 | Construir | House |
| 23:57 | Construir | House |
| 23:58 | Construir | House |
| 24:26 | Edad | Edad de los Castillos |
| 24:32 | Construir | Town Center |
| 24:35 | Investigar | Bodkin Arrow |
| 24:35 | Investigar | Leather Archer Armor |
| 24:36 | Crear | Cavalry Archer |
| 24:36 | Crear | Cavalry Archer |
| 24:37 | Crear | Cavalry Archer |
| 24:37 | Crear | Cavalry Archer |
| 24:55 | Investigar | Bow Saw |
| 25:21 | Investigar | Tech 1013 |
| 25:41 | Construir | House |
| 25:42 | Construir | House |
| 25:46 | Crear | Archer |
| 25:47 | Crear | Archer |
| 25:59 | Crear | Cavalry Archer |
| 25:59 | Crear | Cavalry Archer |
| 25:59 | Crear | Cavalry Archer |
| 26:35 | Crear | Cavalry Archer |
| 26:35 | Crear | Cavalry Archer |
| 26:46 | Crear | Villager (Male) |
| 26:47 | Crear | Villager (Male) |
| 26:47 | Crear | Villager (Male) |
| 26:47 | Crear | Villager (Male) |
| 26:47 | Crear | Villager (Male) |
| 26:48 | Crear | Villager (Male) |
| 26:48 | Crear | Villager (Male) |
| 26:48 | Crear | Villager (Male) |
| 27:33 | Crear | Cavalry Archer |
| 27:33 | Crear | Cavalry Archer |
| 27:33 | Investigar | Thumb Ring |
| 27:34 | Crear | Cavalry Archer |
| 27:35 | Crear | Cavalry Archer |
| 27:36 | Crear | Villager (Male) |
| 27:36 | Crear | Villager (Male) |
| 27:37 | Crear | Villager (Male) |
| 27:56 | Investigar | Light Cavalry (upgrade) |
| 27:56 | Crear | Scout Cavalry |
| 27:56 | Crear | Scout Cavalry |
| 27:56 | Crear | Scout Cavalry |
| 27:57 | Investigar | Husbandry |
| 28:01 | Construir | Stable |
Build order — ChoRi-Wolo.gg
Primeras 150 de 224 acciones detectadas
| 0:01 | Crear | Villager (Male) |
| 0:01 | Crear | Villager (Male) |
| 0:01 | Crear | Villager (Male) |
| 0:02 | Crear | Villager (Male) |
| 0:02 | Crear | Villager (Male) |
| 0:06 | Construir | House |
| 0:09 | Construir | House |
| 1:26 | Crear | Villager (Male) |
| 1:26 | Crear | Villager (Male) |
| 2:12 | Crear | Villager (Male) |
| 2:56 | Construir | Barracks |
| 2:59 | Crear | Villager (Male) |
| 2:59 | Crear | Villager (Male) |
| 2:59 | Crear | Villager (Male) |
| 3:19 | Crear | Villager (Male) |
| 3:43 | Crear | Villager (Male) |
| 3:44 | Crear | Villager (Male) |
| 4:07 | Crear | Villager (Male) |
| 4:07 | Crear | Villager (Male) |
| 4:10 | Crear | Unit 2550 |
| 4:10 | Crear | Unit 2550 |
| 4:43 | Crear | Villager (Male) |
| 4:43 | Crear | Villager (Male) |
| 5:23 | Crear | Villager (Male) |
| 5:36 | Construir | Settlement |
| 5:47 | Crear | Villager (Male) |
| 6:08 | Crear | Unit 2550 |
| 6:08 | Crear | Unit 2550 |
| 6:22 | Crear | Villager (Male) |
| 6:23 | Crear | Villager (Male) |
| 6:23 | Crear | Villager (Male) |
| 7:06 | Crear | Villager (Male) |
| 7:06 | Crear | Villager (Male) |
| 7:07 | Crear | Villager (Male) |
| 7:19 | Crear | Unit 2550 |
| 7:33 | Crear | Villager (Male) |
| 7:41 | Crear | Unit 2550 |
| 8:22 | Crear | Villager (Male) |
| 8:37 | Crear | Villager (Male) |
| 8:58 | Crear | Villager (Male) |
| 9:51 | Investigar | Feudal Age |
| 11:09 | Crear | Unit 2550 |
| 11:10 | Crear | Unit 2550 |
| 11:10 | Crear | Unit 2550 |
| 11:28 | Construir | Farm |
| 11:46 | Investigar | Loom |
| 11:47 | Crear | Villager (Male) |
| 11:55 | Construir | Farm |
| 12:01 | Edad | Edad Feudal |
| 12:05 | Construir | Archery Range |
| 12:08 | Crear | Villager (Male) |
| 12:09 | Crear | Spearman |
| 12:09 | Crear | Spearman |
| 12:09 | Crear | Spearman |
| 12:10 | Crear | Spearman |
| 12:12 | Investigar | Tech 1402 |
| 12:21 | Construir | Farm |
| 12:23 | Construir | Farm |
| 12:29 | Crear | Villager (Male) |
| 12:59 | Crear | Unit 2550 |
| 13:43 | Crear | Skirmisher |
| 13:44 | Crear | Skirmisher |
| 13:44 | Crear | Skirmisher |
| 13:59 | Crear | Unit 2550 |
| 13:59 | Crear | Unit 2550 |
| 14:00 | Crear | Unit 2550 |
| 14:18 | Construir | Farm |
| 14:18 | Construir | Farm |
| 14:18 | Construir | Farm |
| 14:19 | Construir | Farm |
| 14:19 | Construir | Farm |
| 14:19 | Construir | Farm |
| 14:38 | Crear | Archer |
| 14:38 | Crear | Archer |
| 14:39 | Crear | Archer |
| 14:57 | Construir | Farm |
| 14:57 | Construir | Farm |
| 14:57 | Construir | Farm |
| 14:58 | Construir | Farm |
| 15:03 | Investigar | Tech 1402 |
| 15:23 | Construir | Farm |
| 15:23 | Construir | Farm |
| 15:24 | Construir | Farm |
| 15:24 | Construir | Farm |
| 15:35 | Crear | Villager (Male) |
| 15:35 | Crear | Villager (Male) |
| 15:36 | Crear | Villager (Male) |
| 15:39 | Construir | House |
| 15:43 | Investigar | Double-Bit Axe |
| 16:11 | Crear | Villager (Male) |
| 16:18 | Crear | Villager (Male) |
| 16:42 | Crear | Spearman |
| 16:42 | Crear | Spearman |
| 16:42 | Crear | Spearman |
| 16:43 | Crear | Spearman |
| 16:44 | Crear | Spearman |
| 16:44 | Crear | Spearman |
| 16:54 | Crear | Villager (Male) |
| 17:00 | Construir | Farm |
| 17:20 | Crear | Spearman |
| 17:29 | Construir | House |
| 17:34 | Crear | Villager (Male) |
| 17:37 | Construir | Farm |
| 18:00 | Crear | Spearman |
| 18:52 | Crear | Spearman |
| 18:53 | Crear | Spearman |
| 19:06 | Construir | Farm |
| 19:06 | Construir | Farm |
| 19:07 | Construir | Farm |
| 19:07 | Construir | Farm |
| 19:07 | Construir | Farm |
| 19:11 | Crear | Villager (Male) |
| 19:11 | Crear | Villager (Male) |
| 19:50 | Crear | Villager (Male) |
| 19:50 | Crear | Villager (Male) |
| 19:53 | Construir | Farm |
| 20:06 | Construir | Blacksmith |
| 20:47 | Crear | Villager (Male) |
| 21:32 | Crear | Villager (Male) |
| 21:32 | Crear | Villager (Male) |
| 21:48 | Construir | Farm |
| 22:01 | Construir | Farm |
| 22:01 | Construir | Farm |
| 22:01 | Construir | Farm |
| 22:28 | Investigar | Castle Age |
| 23:00 | Construir | Settlement |
| 23:14 | Investigar | Horse Collar |
| 23:26 | Investigar | Gold Mining |
| 23:26 | Investigar | Stone Mining |
| 23:44 | Investigar | Arson |
| 24:14 | Construir | House |
| 24:24 | Investigar | Wheelbarrow |
| 25:06 | Investigar | Tech 1402 |
| 25:07 | Crear | Unit 2550 |
| 25:07 | Crear | Unit 2550 |
| 25:08 | Crear | Unit 2550 |
| 25:08 | Crear | Unit 2550 |
| 25:08 | Edad | Edad de los Castillos |
| 25:09 | Crear | Unit 2550 |
| 25:25 | Construir | Market |
| 25:29 | Crear | Villager (Male) |
| 25:29 | Crear | Villager (Male) |
| 25:45 | Crear | Skirmisher |
| 25:45 | Crear | Skirmisher |
| 25:57 | Crear | Villager (Male) |
| 26:42 | Crear | Skirmisher |
| 26:48 | Investigar | Fletching |
| 26:48 | Investigar | Padded Archer Armor |
| 27:19 | Crear | Skirmisher |
| 27:19 | Crear | Skirmisher |
Cronología de la partida
| 2:56 | ChoRi-Wolo.gg · first_building Barracks |
| 9:30 | TheLoneShepherd · first_building Barracks |
| 10:40 | TheLoneShepherd · age_up feudal |
| 12:01 | ChoRi-Wolo.gg · age_up feudal |
| 12:05 | ChoRi-Wolo.gg · first_building Archery Range |
| 12:15 | TheLoneShepherd · first_building Stable |
| 22:23 | TheLoneShepherd · first_building Archery Range |
| 24:26 | TheLoneShepherd · age_up castle |
| 25:08 | ChoRi-Wolo.gg · age_up castle |
| 30:23 | ChoRi-Wolo.gg · first_building Siege Workshop |
| 30:33 | ChoRi-Wolo.gg · first_building Castle |
| 32:44 | TheLoneShepherd · first_building Monastery |
| 38:29 | ChoRi-Wolo.gg · resign |
[ ANÁLISIS IA · 1 CRÉDITO ]
¿Qué pasó realmente en esta partida?
Wolo.gg analiza cada decisión: build order, eco, micro, errores típicos por bracket. Análisis personalizado por WhatsApp o Discord en 30 segundos.
Guía civ
Kitán
Perfil
TheLoneShepherd